Map: Arctic Dream LE

Players

Massa - Winner!

  • Race: Terran Terran
  • League: Platinum
  • Spawn Location: 12:00

qqq - Winner!

  • Race: Zerg Zerg
  • League: Platinum
  • Spawn Location: 11:00

SirFettFisch

  • Race: Terran Terran
  • League: Diamond
  • Spawn Location: 5:00

Voidcommando

  • Race: Zerg Zerg
  • League: Silver
  • Spawn Location: 6:00

VOD

Have the link to the VOD?

Description

Time

  • Played on: Dec. 31, 2020, 7:27 a.m.
  • Length: 5:02
Show
View Real Time Build Order
Export as new Build Order

Massa Terran - Winner!

Build Orders: 2 Factory 

Get SALT Encoding   

  12  0:00  SCV  
  13  0:12  SCV  
  14  0:17  Supply Depot  
  14  0:24  SCV  
  15  0:39  SCV  
  15  0:40  Barracks  
  16  0:47  Supply Depot  
  16  0:51  SCV  
  16  0:56  Refinery  
  17  1:03  SCV  
  18  1:05  Refinery  
  18  1:15  SCV  
  18  1:18  Barracks  
  19  1:27  SCV  
  20  1:39  Reaper  
  21  1:41  Orbital Command  
  21  2:00  Factory  
  21  2:06  Reaper  
  22  2:09  SCV  
  22  2:11  Marine  
  24  2:21  SCV  
  25  2:34  Factory  
  25  2:35  Marine  
  26  2:39  Barracks Tech Lab  
  26  2:53  Marine  
  27  3:12  Hellion  
  29  3:21  Hellion  
  30  3:53  Supply Depot  
  30  3:55  Supply Depot  
  30  3:56  Supply Depot  
  30  4:00  Factory Tech Lab  
  30  4:02  Factory Reactor  
  30  4:04  Marine  
  30  4:05  Command Center  
  31  4:15  Marauder  
  33  4:17  Supply Depot  
  33  4:22  Marine  
  33  4:36  Marauder  
Show
View Real Time Build Order
Export as new Build Order

qqq Zerg - Winner!

Build Orders: Hatch First 

Get SALT Encoding   

  12  0:00  Drone  
  13  0:12  Drone  
  14  0:17  Overlord  
  14  0:45  Hatchery  
  13  0:51  Drone  
  13  0:52  Drone  
  13  0:56  Drone  
  16  1:14  Spawning Pool  
  15  1:19  Drone  
  15  1:22  Drone  
  17  1:28  Drone  
  18  1:35  Drone  
  19  1:41  Extractor  
  18  1:47  Drone  
  19  1:57  Drone  
  20  2:07  Queen  
  22  2:10  Drone, Spine Crawler  
  22  2:11  Drone  
  22  2:12  Zergling x2  
  24  2:23  Zergling x2  
  24  2:24  Spine Crawler, Zergling x2  
  25  2:34  Zergling x2  
  26  2:41  Zergling x2  
  26  2:51  Zergling x2  
  27  2:53  Zergling x2  
  28  2:59  Metabolic Boost  
  28  3:05  Overlord  
  28  3:18  Overlord  
  28  3:32  Overlord x2  
  28  3:39  Zergling x2  
  27  3:41  Zergling x4  
  27  3:42  Zergling x2  
  27  3:45  Zergling x2  
  31  3:49  Queen  
  33  3:56  Zergling x4  
  33  3:58  Zergling x2  
  36  4:03  Drone  
  36  4:08  Zergling x2  
  38  4:10  Drone  
  37  4:40  Zergling x8  
  37  4:41  Zergling x4  
  41  4:56  Evolution Chamber  
Show
View Real Time Build Order
Export as new Build Order

SirFettFisch Terran 

Build Orders:  

Get SALT Encoding   

  12  0:00  SCV  
  13  0:13  SCV  
  14  0:18  Supply Depot  
  14  0:25  SCV  
  15  0:40  SCV  
  15  0:41  Barracks  
  16  0:52  SCV  
  17  0:59  Barracks  
  17  1:01  Refinery  
  17  1:04  SCV  
  18  1:11  Supply Depot  
  18  1:16  SCV  
  19  1:28  Marine  
  20  1:33  Barracks  
  20  1:41  Orbital Command  
  20  1:46  Marine  
  21  1:58  Marine  
  22  2:04  Marine  
  23  2:10  Factory  
  23  2:11  SCV  
  24  2:18  Marine  
  25  2:30  Barracks Reactor, Barracks Tech Lab  
  25  2:34  SCV  
  26  2:38  Marine  
  27  2:46  SCV  
  28  2:53  Marine  
  29  3:07  Refinery, Factory Tech Lab  
  29  3:09  Marine x2  
  29  3:12  Supply Depot  
  31  3:34  Marine  
  28  3:43  Widow Mine  
  28  3:44  Marine x2  
  28  3:45  Marine  
  28  3:46  SCV  
  34  3:51  Marine  
  34  3:55  Supply Depot  
  34  3:58  SCV  
  30  4:26  Marine  
  30  4:27  Marine x3  
  30  4:28  Siege Tank  
  37  4:32  Command Center  
  37  4:35  Command Center  
Show
View Real Time Build Order
Export as new Build Order

Voidcommando Zerg 

Build Orders: Pool First 

Get SALT Encoding   

  12  0:17  Spawning Pool  
  11  0:21  Drone  
  12  0:31  Overlord  
  12  0:35  Drone  
  13  1:04  Zergling x2  
  13  1:05  Zergling x4  
  13  1:07  Queen  
  18  1:17  Zergling x2  
  19  1:29  Zergling x2  
  20  1:51  Drone x2  
  22  2:02  Hatchery  
  20  2:23  Zergling x4  
  22  2:33  Overlord x2  
  22  2:56  Drone x3  
  23  3:09  Overlord  
  21  3:19  Zergling x4  
  22  3:39  Zergling x12  
  22  3:40  Queen  
  29  3:41  Queen  
  31  3:49  Hatchery  
  31  3:53  Spine Crawler  
  29  3:57  Extractor  
  29  3:59  Extractor  
  27  4:07  Drone x5  
  27  4:41  Zergling x4  
  27  4:42  Zergling x10  
Tags
 
Add a new tag
Caveats
  • Supply blocks, unpowered buildings, or Contaminate may cause inaccurate times.
  • Supply counts are checked every 10 seconds.